 Dungeon Crawl Stone Soup version 0.32-a0-685-g93135e86f0 (webtiles) character file.

Game seed: 18162511465400265000

1529 cforsyth the Firebug (level 8, -2/70 HPs)
             Began as a Mountain Dwarf Cinder Acolyte on Mar 12, 2024.
             Was a High Priest of Ignis.
             Killed by divine providence
             ... invoked by an orc priest
              (12 damage)
             ... on level 6 of the Dungeon.
             The game lasted 00:10:09 (7455 turns).

cforsyth the Firebug (MDCA)                         Turns: 7455, Time: 00:10:10

Health: -2/70      AC: 14    Str: 17    XL:     8   Next: 55%
Magic:  2/13       EV:  5    Int: 17    God:    Ignis [*****.]
Gold:   266        SH:  0    Dex:  5    Spells: 12/14 levels left

rFire   + . .        u - +0 broad axe
rCold   . . .        (no shield)
rNeg    . . .        y - +0 plate armour
rPois   .            g - +0 helmet
rElec   .            h - +0 cloak
rCorr   .            (no gloves)
SInv    .            (no boots)
Will    .....        (no amulet) Stlth
                     (no ring)
HPRegen 0.31/turn    (no ring)
MPRegen 0.13/turn

%: no passive effects
@: no status effects
A: runic magic, artefact enchanting
a: Renounce Religion, Fiery Armour, Foxfire Swarm, Rising Flame


You were on level 6 of the Dungeon.
You worshipped Ignis.
Ignis was extremely pleased with you.
You visited 1 branch of the dungeon, and saw 6 of its levels.

You collected 266 gold pieces.


Innate Abilities, Weirdness & Mutations

Your spellcasting is much less encumbered by armour.
You can use scrolls of enchantment on lesser artefacts.


   Skills:
 + Level 6.1 Fighting
 + Level 6.6 Axes
 + Level 5.0 Armour
 + Level 2.0 Shields
 + Level 3.8 Spellcasting
 + Level 6.7 Fire Magic


You had 12 spell levels left.
You knew the following spells:

 Your Spells              Type           Power      Damage    Failure   Level
X - Scorch                Fire           52%        2d7       3%          2

Your spell library contained the following spells:

 Spells                   Type           Power      Damage    Failure   Level
 Ensorcelled Hibernation  Hex/Ice        6%         N/A       52%         2
 Passwall                 Erth           3%         N/A       77%         3
 Swiftness                Air            3%         N/A       77%         3
 Vhi's Electric Charge    Tloc/Air       6%         N/A       99%         4
 Arcjolt                  Conj/Air       1%         1d11      100%        5
 Maxwell's Capacitive Co  Air            1%         ∞         100%        8

Inventory:

Hand Weapons
 u - a +0 broad axe (weapon)
Armour
 b - a +0 robe
 d - a +0 scale mail
 g - a +0 helmet (worn)
 h - a +0 cloak (worn)
 y - a +0 plate armour (worn)
 B - a +2 tower shield of poison resistance
Magical Staves
 o - a staff of air {!a}
 v - a staff of conjuration {!a}
 w - a staff of cold {!a}
Jewellery
 F - a ring of fire
 R - a ring of resist corrosion
Wands
 q - a wand of flame (13)
 C - a wand of paralysis (8)
Scrolls
 c - a scroll of noise {unknown}
 f - 2 scrolls of identify {unknown}
 i - a scroll of vulnerability {unknown}
 j - 4 scrolls of teleportation {unknown}
 l - 2 scrolls of revelation {unknown}
 m - 2 scrolls of enchant weapon {unknown}
 n - a scroll of immolation {unknown}
 p - 4 scrolls of blinking {unknown}
 D - a scroll of acquirement {unknown}
Potions
 a - a potion of enlightenment {unknown}
 e - 2 potions of attraction {unknown}
 k - 4 potions of lignification {unknown}
 r - 2 potions of heal wounds {unknown}
 s - a potion of degeneration {unknown}
 t - 2 potions of curing {unknown}
 x - a potion of magic {unknown}
 z - a potion of brilliance {unknown}
 A - 2 potions of berserk rage {unknown}

Dungeon Overview and Level Annotations

Branches:
Dungeon (6/15)
 Temple: D:4-7

Altars:
Cheibriados
Hepliaklqana
Qazlal
Ru
Wu Jian
Xom

.▒ .......#######[.▒..... .▒
▒.▒▒▒......{o.o.▒▒..▒.. .▒
▒....[...▒▒▒▒▒▒▒▒.....▒ .▒▒▒▒▒
▒▒▒▒▒▒.▒▒▒ ▒...▒.▒ .....▒▒▒▒
▒▒.▒▒ ▒...... .▒▒.....▒ ▒...▒
▒▒▒.▒▒▒.░ ▒▒▒.....▒
▒...▒▒▒▒▒▒▒.......░ ▒...<.▒
▒........▒▒.▒▒▒.▒.░ ▒.....▒
▒▒▒▒▒.@o▒▒▒▒.▒▒.▒ ▒..▒░
▒▒▒.....▒▒▒.....)......▒▒.▒▒▒.▒▒░
....▒.▒.z....................▒...
▒▒▒.▒.▒.▒▒▒.[..........▒▒......▒░
...§..▒.▒ ▒▒▒▒▒...▒▒▒▒.▒▒▒...▒.▒░
≈≈≈§≈.▒.▒ ▒.........▒▒▒▒▒▒▒.░
....≈.▒.▒ ▒▒▒...▒▒▒▒▒..▒ ▒.░
≈≈≈.≈...▒ ▒.......▒▒▒▒.▒▒▒ ▒.░
..≈.≈.▒.▒ ▒.▒▒.▒▒.▒▒☼...○▒▒▒▒.▒


You could see an orc priest.


Message History

The orc priest hits you but does no damage.
You slash the orc priest!
The orc priest is almost dead.
The orc priest hits you but does no damage.
You barely miss the orc priest.
The orc priest is almost dead.
The orc priest closely misses you.
The orc priest invokes the aid of Beogh against you.
Pain shoots through your body!
* * * LOW HITPOINT WARNING * * *
You closely miss the orc priest.
The orc priest is almost dead.
The orc priest hits you but does no damage.
You closely miss the orc priest.
The orc priest is almost dead.
The orc priest hits you with a +0 club.
* * * LOW HITPOINT WARNING * * *
You closely miss the orc priest.
The orc priest is almost dead.
The orc priest hits you with a +0 club.
* * * LOW HITPOINT WARNING * * *
You hit the orc priest but do no damage.
The orc priest is almost dead.
The orc priest hits you but does no damage. x2
You barely miss the orc priest.
The orc priest is almost dead.
The orc priest mumbles some strange prayers to Beogh against you.
Beogh smites you!
You die...
Ignis goes out, and joins you in death.

Skill      XL: |  1  2  3  4  5  6  7  8 |
---------------+-------------------------+-----
Armour         | 2 3 4 5 |  5.0
Fighting       | 4 5 6 |  6.1
Axes           | 4 5 6 |  6.6
Spellcasting   | 2 3 |  3.8
Fire Magic     | 4 5 6 |  6.7
Shields        | 2 |  2.0

Action                     |  1- 3 |  4- 6 |  7- 9 || total
---------------------------+-------+-------+-------++-------
  Melee: Hand axe          |    53 |    31 |       ||    84
         Broad axe         |       |     7 |    43 ||    50
   Cast: Scorch            |    12 |    70 |   112 ||   194
 Armour: Robe              |    28 |       |       ||    28
         Scale mail        |    36 |    56 |    53 ||   145
         Plate armour      |       |       |   112 ||   112
  Dodge: Dodged            |    35 |    40 |    38 ||   113

Levels and vault maps discovered:
D:1:      amcnicky_arrival_gap_in_the_tavern_cellar, layout_rooms,
          serial_forest, infiniplex_forest_clump_medium,
          infiniplex_forest_clump_long, infiniplex_forest_end_2,
          infiniplex_forest_clump_curved, infiniplex_forest_pool,
          infiniplex_forest_lined_4_way, infiniplex_forest_lined_4_way,
          infiniplex_forest_end_3
D:2:      layout_loops_ring, minmay_cut_off, uniq_sigmund
D:3:      layout_loops_ring
D:4:      minmay_opposing_rooms, layout_gridville,
          mainiacjoe_overflow_six_doors_small, uniq_duvessa, uniq_robin
D:5:      layout_basic, slow_altar_1
D:6:      layout_loops_cross, amcnicky_altar_gilded, grunt_gozag_statues,
          grunt_qazlal_clouds, mainiacjoe_overflow_concentric_impassable,
          nicolae_overflow_crystal_walls, solitary_fountain

Notes
Turn   | Place    | Note
-------+----------+-------------------------------------------
     0 | D:1      | cforsyth the Mountain Dwarf Cinder Acolyte began the quest
                  | for the Orb.
     0 | D:1      | Reached XP level 1. HP: 19/19 MP: 2/2
   174 | D:1      | Reached XP level 2. HP: 13/26 MP: 3/3
   178 | D:1      | Learned a level 2 spell: Scorch
   239 | D:1      | Reached skill level 1 in Armour
   898 | D:2      | Noticed Sigmund
  1082 | D:2      | Killed Sigmund
  1083 | D:2      | Reached skill level 4 in Fighting
  1083 | D:2      | Reached skill level 4 in Axes
  1083 | D:2      | Reached skill level 2 in Armour
  1083 | D:2      | Reached skill level 2 in Spellcasting
  1083 | D:2      | Reached skill level 4 in Fire Magic
  1083 | D:2      | Reached XP level 3. HP: 33/33 MP: 1/6
  1083 | D:2      | Reached XP level 4. HP: 40/40 MP: 1/7
  1083 | D:2      | Reached XP level 5. HP: 46/46 MP: 1/8
  2584 | D:3      | Reached XP level 6. HP: 52/53 MP: 2/9
  2773 | D:3      | Reached skill level 3 in Armour
  2773 | D:3      | Reached skill level 5 in Fire Magic
  3147 | D:3      | Reached skill level 5 in Axes
  3537 | D:4      | Noticed Duvessa
  3565 | D:4      | Killed Duvessa
  3585 | D:4      | Noticed Dowan
  3692 | D:4      | Killed Dowan
  3693 | D:4      | Reached XP level 7. HP: 59/60 MP: 2/11
  3842 | D:4      | Reached skill level 5 in Fighting
  4558 | D:4      | Reached skill level 3 in Spellcasting
  4650 | D:4      | Found an ornate altar of the Wu Jian Council.
  4688 | D:4      | Noticed Robin
  4831 | D:4      | Killed Robin
  4995 | D:5      | Entered Level 5 of the Dungeon
  5004 | D:5      | Found a snail-covered altar of Cheibriados.
  5211 | D:5      | Reached skill level 4 in Armour
  5387 | D:5      | Reached skill level 6 in Axes
  5387 | D:5      | Reached skill level 6 in Fire Magic
  5700 | D:5      | Reached XP level 8. HP: 69/69 MP: 7/13
  6571 | D:6      | Found a shimmering altar of Xom.
  6641 | D:6      | Reached skill level 1 in Shields
  6800 | D:6      | Found a sacrificial altar of Ru.
  7020 | D:6      | Found a stormy altar of Qazlal.
  7126 | D:6      | Found a hazy altar of Hepliaklqana.
  7334 | D:6      | Reached skill level 6 in Fighting
  7396 | D:6      | Reached skill level 2 in Shields
  7446 | D:6      | Reached skill level 5 in Armour
  7455 | D:6      | Killed from afar by an orc priest

Vanquished Creatures
  Sigmund (D:2)
  2 orc warriors (D:6)
  Duvessa (D:4)
  A centaur (D:5)
  2 scorpions
  2 wights
  Dowan (D:4)
  A howler monkey (D:6)
  2 bombardier beetles
  3 hounds
  2 jellies
  3 orc priests
  A sleepcap (D:6)
  5 iguanas
  2 orc wizards
  Robin (D:4)
  4 adders
  2 shadow imps
  4 dart slugs
  3 ribbon worms
  17 orcs
  8 ball pythons
  9 endoplasms
  A giant cockroach (D:1)
  15 goblins
  9 hobgoblins
  2 jackals
  3 quokkas
  4 bats
  5 frilled lizards
  9 kobolds
  5 rats
130 creatures vanquished.

Table legend: (Time is in decaauts)
 A = Elapsed time spent in this place.
 B = Non-inter-level travel time spent in this place.
 C = Inter-level travel time spent in this place.
 D = Time resting spent in this place.
 E = Time spent auto-exploring this place.
 F = Levels seen in this place.
 G = Mean time per level.
                   A        B        C        D        E       F      G
               +--------+--------+--------+--------+--------+-----+--------+
         Total |   7494 |   7368 |    126 |   1185 |   5077 |   6 | 1249.0 |
       Dungeon |   7494 |   7368 |    126 |   1185 |   5077 |   6 | 1249.0 |
               +--------+--------+--------+--------+--------+-----+--------+

Top non-repeatable levels by time:
     D:3: 1688 daAuts
     D:4: 1559 daAuts
     D:5: 1428 daAuts
     D:1: 983 daAuts
     D:2: 961 daAuts
     D:6: 870 daAuts

Table legend:
 A = Non-vault XP
 B = Vault XP
 C = Vault XP percentage of total XP
 D = Non-vault monster count
 E = Vault monster count
 F = Vault count percentage of total count
                 A         B        C        D         E       F
            +---------+---------+-------+---------+---------+-------
      Total |    1532 |     653 |  29.9 |     104 |      26 |  20.0
            +---------+---------+-------+---------+---------+-------
        D:1 |      28 |       0 |   0.0 |      16 |       0 |   0.0
        D:2 |      57 |     240 |  80.8 |      20 |       2 |   9.1
        D:3 |     191 |      45 |  19.1 |      27 |       2 |   6.9
        D:4 |     107 |     363 |  77.2 |      15 |      21 |  58.3
        D:5 |     588 |       5 |   0.8 |      14 |       1 |   6.7
        D:6 |     561 |       0 |   0.0 |      12 |       0 |   0.0
            +---------+---------+-------+---------+---------+-------
